 Dungeon Crawl Stone Soup version 0.26.0-20-g3ca415f5b8 (webtiles) character file.

Game seed: 15691071741422565821

1453 kaeus the Skirmisher (level 8, -1/64 HPs)
             Began as a Demonspawn Fighter on Jan 24, 2021.
             Slain by a large slime creature (3 damage)
             ... on level 5 of the Dungeon.
             The game lasted 00:05:11 (6866 turns).

kaeus the Skirmisher (Demonspawn Fighter)           Turns: 6866, Time: 00:05:11

Health: -1/64      AC:  7    Str: 18    XL:     8   Next: 47%
Magic:  8/8        EV:  7    Int: 10    God:
Gold:   279        SH: 10    Dex: 15    Spells: 7/7 levels left

rFire    . . .     SeeInvis .   w - +2 hand axe (elec)
rCold    + . .     Faith    .   c - +0 kite shield
rNeg     . . .     Spirit   .   b - +0 scale mail
rPois    .         Reflect  .   (no helmet)
rElec    .         Harm     .   (no cloak)
rCorr    .         Rampage  .   (no gloves)
Will     .....                  (no boots)
Stlth    +.........             (no amulet)
HPRegen  0.20/turn              f - ring of wizardry
MPRegen  0.11/turn              a - ring of protection from cold

@: no status effects
A: thin skeletal structure 1, demonic guardian 1, powered by death 2
a: no special abilities


You were on level 5 of the Dungeon.
You visited 1 branch of the dungeon, and saw 5 of its levels.
You also visited: Ossuary.

You collected 279 gold pieces.

Inventory:

Hand Weapons
 w - a +2 hand axe of electrocution (weapon)
Armour
 b - a +0 scale mail (worn)
 c - a +0 kite shield (worn)
Jewellery
 a - a ring of protection from cold (right hand)
 f - a ring of wizardry (left hand)
Wands
 o - a wand of random effects (21)
 q - a wand of enslavement (8)
Scrolls
 g - 2 scrolls of identify {unknown}
 h - 2 scrolls of teleportation {unknown}
 k - a scroll of remove curse {unknown}
 l - 2 scrolls of fog {unknown}
 m - a scroll of immolation {unknown}
 p - a scroll of enchant weapon {unknown}
 u - 2 scrolls of blinking {unknown}
Potions
 d - 3 potions of might
 e - 3 potions of curing
 i - a potion of attraction {unknown}
 j - a potion of mutation {unknown}
 n - 2 potions of lignification
 r - a potion of ambrosia {unknown}
 s - a potion of heal wounds {unknown}
 t - a potion of cancellation {unknown}
 v - a potion of flight {unknown}
 x - 2 potions of invisibility {unknown}


   Skills:
 + Level 6.0 Fighting
 + Level 5.0 Axes
 + Level 5.5 Armour
 + Level 5.5 Shields


You had 7 spell levels left.
You didn't know any spells.
Your spell library contained the following spells:

 Spells                   Type           Power        Failure   Level
 Magic Dart               Conj           0%           80%         1
 Blink                    Tloc           N/A          89%         2
 Call Imp                 Summ           0%           89%         2
 Slow                     Hex            0%           89%         2
 Conjure Flame            Conj/Fire      0%           98%         3
 Mephitic Cloud           Conj/Pois/Air  0%           98%         3


Dungeon Overview and Level Annotations

Branches:
Dungeon (5/15)            Ossuary (visited)
 Temple: D:4-7

Altars:
Nemelex Xobeh


Innate Abilities, Weirdness & Mutations

You have a somewhat thin skeletal structure. (Dex +2, Stealth)
A weak demonic guardian rushes to your aid.
You regenerate health from kills.


Message History

The large slime creature closely misses you.
You hit the large slime creature.
Lightning courses through the large slime creature!
The large slime creature is heavily wounded.
The large slime creature hits you.
You take 1 damage, and have 37/64 hp.
You hit the large slime creature.
The large slime creature is heavily wounded.
The large slime creature hits you!!
Ouch! That really hurt!
* * * LOW HITPOINT WARNING * * *
The ooze jiggles.
You take 35 damage, and have 2/64 hp.
MASSIVE DAMAGE!!
You hit the large slime creature.
The large slime creature is heavily wounded.
The large slime creature hits you but does no damage.
You barely miss the large slime creature.
The large slime creature is heavily wounded.
The large slime creature hits you.
You die...

........##.# #..##.....
.##........# #...#.....
.####......# #.........
..........## #.........
.......##### #......... #....###
#.# #....(.... ......####.#
##...≈.... ...........# #######.#
###....## #..........###5.@JKJ#
#...... .>.........##.########
##...... ...........###..'....#
###....(.. ##.........######....#
#......... ............##.......#
#.##.##..#
............##...[...###.#####..#
.)###.......##.......##..#####†.#
..###.......##.......##..........
..#........####)))..###..........


You could see a large slime creature, a big kobold, an ooze and a friendly white
imp (summoned).

Vanquished Creatures
  Sigmund (D:3)
  A sky beast (D:5)
  A phantom (D:5)
  3 elf zombies (Ossuary)
  2 scorpions (D:5)
  A howler monkey (D:5)
  A centaur zombie (Ossuary)
  A bullfrog zombie (D:5)
  A hound (D:4)
  An orc priest (D:3)
  3 orc wizards
  2 bullfrog skeletons
  4 worker ants
  A big kobold zombie (Ossuary)
  A hound skeleton (D:5)
  A mummy (Ossuary)
  3 gnolls (D:4)
  6 adders
  An ooze (D:1)
  2 adder skeletons (D:4)
  5 adder zombies
  2 worms
  2 dart slugs
  8 leopard geckos
  18 orcs
  6 giant cockroaches
  7 goblins
  11 hobgoblins
  2 jackals (D:2)
  15 kobolds
  4 quokkas
  2 ball pythons
  3 bats
  3 frilled lizards
  A goblin zombie (Ossuary)
  10 hobgoblin zombies (Ossuary)
  A jackal skeleton (D:3)
  2 jackal zombies
  6 kobold zombies (Ossuary)
  8 orc zombies (Ossuary)
  A rat (D:2)
  2 rat zombies (Ossuary)
156 creatures vanquished.

Vanquished Creatures (collateral kills)
  A centaur (D:5)
  3 orc priests
  An iguana (D:4)
  A mummy (Ossuary)
  A dart slug (D:3)
  An orc (D:4)
  An orc zombie (Ossuary)
9 creatures vanquished.

Vanquished Creatures (others)
  8 fungi (D:5)
  8 toadstools (D:5)
16 creatures vanquished.

Grand Total: 181 creatures vanquished

Notes
Turn   | Place    | Note
-------+----------+-------------------------------------------
     0 | D:1      | kaeus the Demonspawn Fighter began the quest for the Orb.
     0 | D:1      | Reached XP level 1. HP: 18/18 MP: 1/1
   211 | D:1      | Gained mutation: You have a somewhat thin skeletal
                  | structure. (Dex +2, Stealth) [demonic ancestry]
   211 | D:1      | Reached XP level 2. HP: 24/24 MP: 2/2
  1138 | D:2      | Gained mutation: You regenerate a little health from kills.
                  | [demonic ancestry]
  1138 | D:2      | Reached XP level 3. HP: 29/29 MP: 3/3
  1656 | D:2      | Reached XP level 4. HP: 35/35 MP: 4/4
  2345 | D:3      | Gained mutation: A weak demonic guardian rushes to your
                  | aid. [demonic ancestry]
  2345 | D:3      | Reached XP level 5. HP: 20/42 MP: 5/5
  2365 | D:3      | Reached skill level 4 in Fighting
  3017 | D:3      | Noticed Sigmund
  3025 | D:3      | Killed Sigmund
  3026 | D:3      | Reached XP level 6. HP: 42/49 MP: 6/6
  3127 | D:3      | Found a sparkling altar of Nemelex Xobeh.
  4196 | D:4      | Reached XP level 7. HP: 35/55 MP: 7/7
  5481 | D:5      | Entered Level 5 of the Dungeon
  5488 | D:5      | Found a sand-covered staircase.
  5496 | Ossuary  | Entered an ossuary
  5585 | Ossuary  | Reached skill level 5 in Fighting
  5986 | D:5      | Reached skill level 5 in Armour
  5986 | D:5      | Reached skill level 5 in Shields
  5986 | D:5      | Gained mutation: You regenerate health from kills. [demonic
                  | ancestry]
  5986 | D:5      | Reached XP level 8. HP: 18/63 MP: 8/8
  6690 | D:5      | Reached skill level 6 in Fighting
  6690 | D:5      | Reached skill level 5 in Axes
  6848 | D:5      | Noticed a slime creature
  6853 | D:5      | Noticed a slime creature
  6864 | D:5      | HP: 2/64 [large slime creature (35)]
  6866 | D:5      | Slain by a large slime creature

Illustrated notes

Levels and vault maps discovered:
D:1:      dpeg_arrival_yet_another_circle, layout_basic
D:2:      wad_pebble_path, layout_loops_corners, kennysheep_generic_room_11
D:3:      layout_loops_ring, nemelex_xobeh_ov_fountains_minmay, uniq_sigmund
D:4:      layout_basic
D:5:      cheibrodos_fertilizer, layout_cave_pools, nicolae_ossuary_entry_plus

Skill      XL: |  1  2  3  4  5  6  7  8 |
---------------+-------------------------+-----
Axes           | 2 3 4 5 |  5.0
Armour         | 3 4 5 |  5.5
Shields        | 3 4 5 |  5.5
Fighting       | 4 5 6 |  6.0

Action                   |  1- 3 |  4- 6 |  7- 9 || total
-------------------------+-------+-------+-------++-------
Melee: War axe           |   130 |   191 |   279 ||   600
       Hand axe          |       |       |    23 ||    23
  Use: Potion            |       |       |     2 ||     2
 Stab: Distracted        |       |       |     1 ||     1
Armor: Scale mail        |    55 |    72 |    94 ||   221
       Skin              |       |       |    19 ||    19
Dodge: Dodged            |    49 |    52 |    68 ||   169
Block: Kite shield       |    68 |    87 |   148 ||   303
